 Dungeon Crawl Stone Soup version 0.30-a0-297-g0ec75d9ef4 (webtiles) character file.

Game seed: 1051594375152111437

259 NinjaNoafa the Cutter (level 6, -2/44 HPs)
             Began as a Merfolk Gladiator on Oct 18, 2022.
             Slain by Ijyb
             ... wielding a +0 dagger
              (4 damage)
             ... on level 4 of the Dungeon.
             The game lasted 00:05:18 (3003 turns).

NinjaNoafa the Cutter (Merfolk Gladiator)           Turns: 3003, Time: 00:05:19

Health: -2/44      AC:  4    Str: 15    XL:     6   Next: 17%
Magic:  15/15      EV: 13    Int:  7    God:
Gold:   354        SH:  0    Dex: 17    Spells: 5/5 levels left

rFire   . . .      SeeInvis .    a - +0 rapier
rCold   . . .      Faith    .    (no shield)
rNeg    . . .      Spirit   .    b - +0 leather armour
rPois   .          Reflect  .    c - +0 helmet
rElec   .          Harm     .    (no cloak)
rCorr   .          Rampage  .    (no gloves)
Will    .....                    (no boots)
Stlth   +++.......               (no amulet)
HPRegen 0.27/turn                o - ring of magical power
MPRegen 0.14/turn                (no ring)

@: brilliant, attractive
A: (nimble swimmer 2), mertail
a: no special abilities


You were on level 4 of the Dungeon.
You visited 1 branch of the dungeon, and saw 4 of its levels.

You collected 354 gold pieces.

Inventory:

Hand Weapons
 a - a +0 rapier (weapon)
Missiles
 d - 3 throwing nets
 e - 5 boomerangs of dispersal
 g - 15 stones
 p - 4 poisoned darts
 t - 2 boomerangs (quivered)
Armour
 b - a +0 leather armour (worn)
 c - a +0 helmet (worn)
Jewellery
 o - a ring of magical power (left hand)
Scrolls
 j - a scroll of noise
 m - a scroll of silence {unknown}
 n - 2 scrolls of teleportation {unknown}
 q - a scroll of immolation {unknown}
 r - a scroll of identify {unknown}
 s - a scroll of torment {unknown}


   Skills:
 - Level 2.1 Fighting
 + Level 6.1 Short Blades
 - Level 2.0 Throwing
 - Level 4.0 Dodging
 - Level 5.0 Stealth


You had 5 spell levels left.
You didn't know any spells.
Your spell library contained the following spells:

 Spells                   Type           Power      Damage    Failure   Level
 Gell's Gravitas          Tloc           0%         N/A       86%         3
 Inner Flame              Hex/Fire       0%         N/A       86%         3
 Lesser Beckoning         Tloc           0%         N/A       86%         3
 Teleport Other           Tloc           0%         N/A       86%         3
 Cause Fear               Hex            0%         N/A       99%         4
 Discord                  Hex            0%         N/A       100%        8


Dungeon Overview and Level Annotations

Branches:
Dungeon (4/15)
 Temple: D:4-7

Altars:

Annotations:
D:4 Grinder, Ijyb


Innate Abilities, Weirdness & Mutations

((You are very nimble when in or above water. (Stealth+, EV+, Speed+++)))
Your lower body shifts to a powerful aquatic tail in water.


Message History

Grinder is almost dead.
Grinder gestures at you.
You suddenly lose the ability to move!
Grinder hits you!
You writhe in agony.
Grinder gestures at you. Pain shoots through your body!
* * * LOW HITPOINT WARNING * * *
You can move again.
You closely miss Grinder.
Grinder is almost dead.
The goblin shouts!
You hear a shout!
Grinder gestures at you. Pain shoots through your body!
* * * LOW HITPOINT WARNING * * *
You feel better.
Ijyb shouts!
Ijyb zaps a wand.
Some rock shatters into small pieces.
Grinder blinks!
It was a potion of attraction.
You feel attractive to monsters.
Grinder says, "What is the universe for?"
Ijyb is attracted toward you. The goblin is attracted toward you.
Grinder is attracted toward you.
It was a potion of brilliance.
You feel clever all of a sudden. Grinder barely misses you.
You aren't carrying any potions.
As you read the scroll labelled ALUGYL QOTHROYCZA, it crumbles to dust.
You hear a loud clanging noise!
It was a scroll of noise.
Grinder hits you.
* * * LOW HITPOINT WARNING * * *
You writhe in agony.
* * * LOW HITPOINT WARNING * * *
Ijyb barely misses you.
As you read the scroll labelled ROTHRI EKHOA, it crumbles to dust.
The scroll dissolves into smoke.
It was a scroll of fog.
Grinder gestures at you. You resist with significant effort.
The goblin hits you with a +0 club.
* * * LOW HITPOINT WARNING * * *
Ijyb hits you with a +0 dagger.
You die...

#.......#
#..>....#
#.......# #
#.?.#..
#.###...#.#
#..........###
#.......gg§##.#
#.......5@§...#
###..<#.##§§#.#
#...#..>§....
#####.#####.##
#.. .# ### #


You could see Grinder, Ijyb and a goblin.

Vanquished Creatures
  Sigmund (D:3)
  3 adders
  A worm (D:3)
  3 dart slugs
  5 orcs (D:3)
  8 ball pythons
  6 bats
  4 giant cockroaches
  3 goblins
  5 hobgoblins
  4 jackals (D:1)
  6 quokkas
  4 frilled lizards
  7 kobolds
  3 rats
63 creatures vanquished.

Vanquished Creatures (others)
  A plant (D:4)
  3 toadstools (D:2)
4 creatures vanquished.

Grand Total: 67 creatures vanquished

Notes
Turn   | Place    | Note
-------+----------+-------------------------------------------
     0 | D:1      | NinjaNoafa the Merfolk Gladiator began the quest for the
                  | Orb.
     0 | D:1      | Reached XP level 1. HP: 16/16 MP: 1/1
    85 | D:1      | Reached skill level 1 in Stealth
   146 | D:1      | Reached skill level 4 in Short Blades
   146 | D:1      | Reached XP level 2. HP: 22/22 MP: 2/2
   254 | D:1      | Upgraded the game from 0.30-a0-292-g0f741e3f8e to
                  | 0.30-a0-297-g0ec75d9ef4
   543 | D:1      | Reached XP level 3. HP: 26/27 MP: 3/3
  1648 | D:2      | Reached XP level 4. HP: 29/33 MP: 4/4
  2263 | D:3      | Noticed Sigmund
  2281 | D:3      | Killed Sigmund
  2282 | D:3      | Reached skill level 5 in Short Blades
  2282 | D:3      | Reached skill level 5 in Stealth
  2282 | D:3      | Reached XP level 5. HP: 27/38 MP: 5/5
  2282 | D:3      | Reached XP level 6. HP: 32/44 MP: 6/6
  2407 | D:3      | Reached skill level 6 in Short Blades
  2987 | D:4      | Noticed Ijyb
  2987 | D:4      | Noticed Grinder
  2995 | D:4      | Paralysed by Grinder for 2 turns
  3003 | D:4      | HP: 2/44 [goblin/+0 club (1)]
  3003 | D:4      | Slain by Ijyb

Illustrated notes

Levels and vault maps discovered:
D:1:      lemuel_arrival_muddy, layout_basic
D:2:      layout_loops_corners, minmay_misc_feat_enclosed,
          dreamdust_princess_bridge, chequers_serial_rivers_marsh,
          grunt_ministairs_1, fountainhead, minmay_gold_behind_fungi
D:3:      layout_loops_ring, uniq_sigmund
D:4:      minmay_angry_zag, layout_loops_cross,
          gammafunk_temple_overflow_forgotten, kennysheep_generic_room_3,
          uniq_ijyb, uniq_grinder

Skill      XL: |  1  2  3  4  5  6 |
---------------+-------------------+-----
Stealth        | 1 2 3 5 |  5.0
Short Blades   | 4 5 6 |  6.1
Fighting       | |  2.1
Throwing       | |  2.0
Dodging        | |  4.0

Action                   |  1- 3 |  4- 6 || total
-------------------------+-------+-------++-------
Melee: Rapier            |   144 |    89 ||   233
       Punch             |     2 |       ||     2
Throw: Javelin           |     1 |       ||     1
       Boomerang         |       |     6 ||     6
       Stone             |       |     2 ||     2
  Use: Potion            |       |     7 ||     7
       Scroll            |       |     2 ||     2
 Stab: Sleeping          |     5 |     8 ||    13
       Distracted        |       |     1 ||     1
Armor: Leather armour    |    65 |    20 ||    85
       Skin              |       |     2 ||     2
Dodge: Dodged            |   158 |    41 ||   199

Table legend: (Time is in decaauts)
 A = Elapsed time spent in this place.
 B = Non-inter-level travel time spent in this place.
 C = Inter-level travel time spent in this place.
 D = Time resting spent in this place.
 E = Time spent auto-exploring this place.
 F = Levels seen in this place.
 G = Mean time per level.
                   A        B        C        D        E       F      G
               +--------+--------+--------+--------+--------+-----+--------+
         Total |   2978 |   2853 |    125 |     39 |   2145 |   4 |  744.5 |
       Dungeon |   2978 |   2853 |    125 |     39 |   2145 |   4 |  744.5 |
               +--------+--------+--------+--------+--------+-----+--------+

Top non-repeatable levels by time:
     D:1: 1059 daAuts
     D:2: 978 daAuts
     D:3: 925 daAuts
     D:4: 15 daAuts
